 Dungeon Crawl Stone Soup version 0.26.1-2-gb8aa6d0cf2 (webtiles) character file.

Game seed: 999549883359941029

147 Martska the Chucker (level 5, -2/54 HPs)
             Began as an Ogre Hunter on Mar 11, 2021.
             Slain by a scorpion (4 damage)
             ... on level 4 of the Dungeon.
             The game lasted 00:05:26 (4341 turns).

Martska the Chucker (Ogre Hunter)                   Turns: 4341, Time: 00:05:27

Health: -2/54      AC:  3    Str: 17    XL:     5   Next: 29%
Magic:  5/5        EV: 10    Int: 12    God:
Gold:   114        SH:  0    Dex:  9    Spells: 4/4 levels left

rFire    . . .     SeeInvis .   a - +0 short sword
rCold    . . .     Faith    .   (no shield)
rNeg     . . .     Spirit   .   b - +0 robe
rPois    .         Reflect  .   (helmet restricted)
rElec    .         Harm     .   (no cloak)
rCorr    .         Rampage  .   (gloves unavailable)
Will     .....                  (boots unavailable)
Stlth    +.........             g - amulet of magic regeneration
HPRegen  0.18/turn              (no ring)
MPRegen  0.34/turn              (no ring)

@: brilliant, lethally poisoned (-2 -> -7)
A: large, unfitting armour, tough skin 1
a: no special abilities


You were on level 4 of the Dungeon.
You visited 1 branch of the dungeon, and saw 4 of its levels.

You collected 114 gold pieces.

Inventory:

Hand Weapons
 a - a +0 short sword (weapon)
 h - a +0 club
Armour
 b - a +0 robe (worn)
Jewellery
 g - an amulet of magic regeneration (around neck)
Wands
 s - a wand of digging (7)
Scrolls
 e - a scroll of enchant armour {unknown}
 f - 2 scrolls of identify {unknown}
 j - a scroll of fear {unknown}
 k - 4 scrolls of remove curse {unknown}
 m - 2 scrolls of teleportation {unknown}
 o - a scroll of fog {unknown}
 p - a scroll of noise {unknown}
 r - a scroll of immolation {unknown}
Potions
 i - a potion of brilliance
 l - a potion of magic
 q - a potion of flight {unknown}


   Skills:
 * Level 4.3 Fighting
 * Level 1.7 Maces & Flails
 * Level 4.7 Throwing
 * Level 2.8 Dodging
 - Level 0.6 Stealth


You had 4 spell levels left.
You didn't know any spells.
Your spell library was empty.

Dungeon Overview and Level Annotations

Branches:
Dungeon (4/15)
 Temple: D:4-7

Altars:
Dithmenos
Fedhas
Ru
Trog
Zin
The Shining One

Annotations:
D:3 3 runed translucent doors, exclusion: oklob plant, Allula97's ghost, amateur DsHu; Groucho's ghost, amateur SpEn


Innate Abilities, Weirdness & Mutations

You are too large for most types of armour.
You have tough skin. (AC +1)


Message History

The scorpion is moderately wounded.
The scorpion barely misses you. x2
You hit the scorpion but do no damage.
The scorpion is moderately wounded.
The scorpion stings you.
* * * LOW HITPOINT WARNING * * *
You hit the scorpion but do no damage.
The scorpion is moderately wounded.
The scorpion barely misses you.
You closely miss the scorpion.
The scorpion is moderately wounded.
The scorpion stings you.
* * * LOW HITPOINT WARNING * * *
You are lethally poisoned!
The scorpion poisons you!
You hit the scorpion but do no damage.
The scorpion is moderately wounded.
* * * LOW HITPOINT WARNING * * *
You feel sick. The scorpion stings you.
You die...

$. # . #.#
##.<#.##
.(...(. ##
#.#...
#...###..(#
#....s(#
#@.# #..#
.....
##..###
#..# #...
#.#. #.#..


You could see a scorpion.

Vanquished Creatures
  An orc priest (D:3)
  Terence (D:2)
  2 adders
  An ooze (D:2)
  A worm (D:2)
  2 dart slugs (D:2)
  2 leopard geckos
  4 orcs (D:3)
  A ball python (D:3)
  9 bats
  4 giant cockroaches
  7 goblins
  5 hobgoblins
  5 jackals
  4 frilled lizards
  2 kobolds
  5 rats
56 creatures vanquished.

Vanquished Creatures (others)
  6 withered plants (D:3)
6 creatures vanquished.

Grand Total: 62 creatures vanquished

Notes
Turn   | Place    | Note
-------+----------+-------------------------------------------
     0 | D:1      | Martska the Ogre Hunter began the quest for the Orb.
     0 | D:1      | Reached XP level 1. HP: 22/22 MP: 1/1
   252 | D:1      | Found a glowing golden altar of the Shining One.
   439 | D:1      | Reached XP level 2. HP: 30/31 MP: 2/2
   847 | D:1      | Reached XP level 3. HP: 9/37 MP: 3/3
  1760 | D:2      | Reached skill level 1 in Maces & Flails
  1961 | D:2      | Found a sacrificial altar of Ru.
  1961 | D:2      | Noticed Terence
  1965 | D:2      | Killed Terence
  1966 | D:2      | Reached XP level 4. HP: 42/48 MP: 4/4
  2973 | D:3      | Found a bloodstained altar of Trog.
  3078 | D:3      | Found a blossoming altar of Fedhas.
  3096 | D:3      | Noticed an oklob plant
  3188 | D:3      | Found a runed translucent gate.
  3188 | D:3      | Noticed Allula97's ghost (amateur DsHu)
  3188 | D:3      | Noticed Groucho's ghost (amateur SpEn)
  3189 | D:3      | Found a runed translucent gate.
  3189 | D:3      | Found a runed translucent gate.
  3290 | D:3      | Found a glowing silver altar of Zin.
  3659 | D:3      | Found a shadowy altar of Dithmenos.
  3683 | D:3      | Reached XP level 5. HP: 17/54 MP: 5/5
  4340 | D:4      | HP: 2/54 [scorpion (5)]
  4341 | D:4      | Slain by a scorpion

Illustrated notes

Levels and vault maps discovered:
D:1:      scummos_arrival_gate, layout_loops_ring, serial_park_tiny_2,
          tso_metal_star
D:2:      layout_rooms, old_standard_altar, uniq_terence
D:3:      layout_loops_ring, lemuel_round_altar,
          nicolae_dithmenos_through_a_glass_darkly, bloody_trog,
          gammafunk_ghost_cemetery, tgw_fedhas
D:4:      minmay_door_path, layout_loops_ring, serial_shops,
          nicolae_shop_temple_entry_statues_fountains, minmay_fountain_box

Skill      XL: |  1  2  3  4 |
---------------+-------------+-----
Dodging        | 2 |  2.8
Fighting       | 3 4 |  4.3
Maces & Flails | 1 |  1.7
Throwing       | |  4.7
Stealth        | |  0.6

Action                   |  1- 3 |  4- 6 || total
-------------------------+-------+-------++-------
Melee: Short sword       |   145 |   140 ||   285
Throw: Large rock        |     5 |    10 ||    15
       Throwing net      |       |     2 ||     2
  Use: Potion            |       |     4 ||     4
 Stab: Sleeping          |     5 |     2 ||     7
Armor: Robe              |    55 |    51 ||   106
Dodge: Dodged            |    95 |    75 ||   170
